cohdb
Replays
Latest Replays
All Replays
Popular Replays
Top Player Replays
Match Explorer
How It Works
Community
CoH3 Stats
Reddit
Sign in to upload your games and track your stats! →
Sign in with Steam
Match 42282178
Unlisted
Match 42282178
Overview
Messages
Build Orders
End
Kradschützen Motorcycle Team
Selects Italian Combined Arms Battlegroup
Selects Bersaglieri Squad
Bersaglieri Squad
250 Light Carrier
Construct Light Support Kompanie
Assault Grenadier Squad
Selects Bersaglieri Bolster
MG34 Team
Fire Support Elements
Flakvierling Half-track
le.IG 18 Support Gun Team
Selects Breda Model 30 Light Machine Guns
Construct Panzerarmee Kommand
~TAB~ THUND3RCHUNKY
dobRi3000
Muad'Dib
Grimelex
0
0
Comments
sign in to comment!
No comments posted yet!